 Dungeon Sprint DCSS version 0.27-a0-1116-g91b3acb402 (webtiles) character file.

Game seed: 15062100865947403158

12792 mhtbhm the Eclecticist (level 11, -8/55 HPs)
             Began as a Deep Elf Fire Elementalist on May 1, 2021.
             Was the Champion of Vehumet.
             Killed from afar by a storm dragon (11 damage)
             ... with a bolt of lightning
             ... in the Dungeon (Sprint V: "Ziggurat Sprint").
             The game lasted 00:07:48 (1452 turns).

mhtbhm the Eclecticist (Deep Elf Fire Elementalist) Turns: 1452, Time: 00:07:49

Health: -8/55      AC: 15    Str:  3    XL:     11   Next: 67%
Magic:  16/35      EV: 19    Int: 36    God:    Vehumet [******]
Gold:   0          SH:  5    Dex: 21    Spells: 31/47 levels left

rFire    + . .     SeeInvis +   C - +8 lance "Wyrmbane" {slay drac, rPois rF+ rC+ AC+3}
rCold    + . .     Faith    .   (no shield)
rNeg     . . .     Spirit   .   a - +5 robe of Ebranoig {rPois Str-2 Int+8 Dex+3}
rPois    +         Reflect  +   (no helmet)
rElec    +         Harm     .   (no cloak)
rCorr    +         Rampage  .   F - +0 pair of gloves of Patterns {+Blink rCorr SInv Stlth-}
Will     ++++.     NoTele   +   (no boots)
Stlth    ++........             r - amulet of reflection
HPRegen  0.18/turn              v - ring of Kuly {rC+ Will++ AC+4}
MPRegen  0.24/turn              D - ring of Conamn {rElec rC- Will+ Int+4 Dex+3 SInv}

@: studying Translocations
A: no striking features
a: Renounce Religion, Evoke Blink


You were in the Dungeon.
You worshipped Vehumet.
Vehumet was exalted by your worship.
You visited 1 branch

Inventory:

Hand Weapons
 C - the +8 lance "Wyrmbane" (weapon) {slay drac, rPois rF+ rC+ AC+3}
   (You found it in the Dungeon)

   It affects your AC (+3).
   It protects you from fire.
   It protects you from cold.
   It protects you from poison.
Armour
 a - the +5 robe of Ebranoig (worn) {rPois Str-2 Int+8 Dex+3}
   (You took it off an orc wizard in the Dungeon)

   It affects your strength (-2).
   It affects your intelligence (+8).
   It affects your dexterity (+3).
   It protects you from poison.
 F - the +0 pair of gloves of Patterns (worn) {+Blink rCorr SInv Stlth-}
   (You found it in the Dungeon)

   It lets you see invisible.
   It lets you blink.
   It protects you from acid and corrosion.
   It makes you less stealthy.
Jewellery
 r - an amulet of reflection (around neck)
 v - the ring of Kuly (left hand) {rC+ Will++ AC+4}
   (You found it in the Dungeon)

   [ring of protection]

   It affects your AC (+4).
   It protects you from cold.
   It greatly increases your willpower.
 D - the ring of Conamn (right hand) {rElec rC- Will+ Int+4 Dex+3 SInv}
   (You took it off an orc in the Dungeon)

   [ring of willpower]

   It affects your intelligence (+4).
   It affects your dexterity (+3).
   It makes you vulnerable to cold.
   It insulates you from electricity.
   It lets you see invisible.
   It increases your willpower.
Wands
 y - a wand of mindburst (7)
 A - a wand of acid (6)
Scrolls
 h - 3 scrolls of blinking
 m - 4 scrolls of amnesia
 n - 7 scrolls of fog
 o - 2 scrolls of holy word
 p - 5 scrolls of identify
 q - a scroll of fear
 t - a scroll of brand weapon
 u - 4 scrolls of enchant armour
 w - 8 scrolls of enchant weapon
Potions
 b - 2 potions of brilliance
 c - 10 potions of curing
 d - 14 potions of heal wounds
 e - 6 potions of haste
 f - 7 potions of magic
 g - 3 potions of berserk rage
 i - 2 potions of invisibility
 j - 4 potions of resistance
 k - a potion of experience
 l - 5 potions of might
Miscellaneous
 s - a phantom mirror
 x - a box of beasts
 B - a lightning rod (3/4)
 H - a tin of tremorstones (2/2)


   Skills:
 + Level 0.9 Fighting
 + Level 9.7 Dodging
 - Level 4.0 Stealth
 + Level 2.8 Shields
 + Level 18.9 Spellcasting
 + Level 13.3 Conjurations
 + Level 18.7 Fire Magic
 + Level 9.6 Evocations


You had 31 spell levels left.
You knew the following spells:

 Your Spells              Type           Power      Damage    Failure   Level
a - Foxfire               Conj/Fire      100%       2x1d9     0%          1
b - Conjure Flame         Conj/Fire      99%        6-21      0%          3
c - Inner Flame           Hex/Fire       80%        N/A       1%          3
d - Sticky Flame          Conj/Fire      99%        2d11      0%          4
e - Fireball              Conj/Fire      49%        3d19      1%          5

Your spell library contained the following spells:

 Spells                   Type           Power      Damage    Failure   Level
 Starburst                Conj/Fire      49%        8x6d14    1%          6
 Magic Dart               Conj           100%       1d8       0%          1
 Searing Ray              Conj           100%       3d7       0%          2
 Animate Skeleton         Necr           68%        N/A       1%          1
 Beastly Appendage        Tmut           68%        N/A       1%          1
 Pain                     Necr           100%       1d9       1%          1
 Summon Small Mammal      Summ           100%       N/A       1%          1
 Blink                    Tloc           N/A        N/A       1%          2
 Corpse Rot               Necr/Air       N/A        N/A       1%          2
 Wereblood                Tmut           34%        N/A       1%          2
 Dazzling Flash           Conj/Hex       100%       N/A       1%          3
 Stone Arrow              Conj/Erth      100%       3d13      1%          3
 Fulminant Prism          Conj/Hex       35%        3d18      1%          4
 Iskenderun's Mystic Bla  Conj/Tloc      70%        2d14      1%          4
 Call Canine Familiar     Summ           34%        N/A       2%          3
 Confusing Touch          Hex            34%        N/A       2%          3
 Gell's Gravitas          Tloc           17%        N/A       2%          3
 Lesser Beckoning         Tloc           17%        N/A       2%          3
 Spider Form              Tmut/Pois      17%        N/A       2%          3
 Teleport Other           Tloc           34%        N/A       2%          3
 Vampiric Draining        Necr           17%        2d8       2%          3
 Yara's Violent Unravell  Hex/Tmut       17%        3d8       7%          5
 Animate Dead             Necr           17%        N/A       10%         4
 Ice Form                 Ice/Tmut       34%        N/A       10%         4
 Petrify                  Tmut/Erth      34%        N/A       10%         4
 Agony                    Necr           34%        N/A       26%         5
 Borgnjor's Vile Clutch   Necr/Erth      17%        N/A       26%         5
 Hydra Form               Tmut           17%        N/A       26%         5
 Manifold Assault         Tloc           34%        N/A       26%         5
 Metabolic Englaciation   Hex/Ice        17%        N/A       26%         5
 Summon Forest            Summ/Tloc      17%        N/A       26%         5
 Eringya's Noxious Bog    Tmut/Pois      17%        N/A       34%         6
 Death Channel            Necr           17%        N/A       82%         6
 Shadow Creatures         Summ           N/A        N/A       82%         6
 Malign Gateway           Summ/Tloc      17%        N/A       100%        7
 Summon Hydra             Summ           17%        N/A       100%        7


Dungeon Overview and Level Annotations

Branches:
Dungeon (1/1)

Altars:
Ashenzari
Cheibriados
Dithmenos
Elyvilon
Fedhas
Gozag
Hepliaklqana
Kikubaaqudgha
Makhleb
Nemelex Xobeh
Okawaru
Qazlal
Ru
Sif Muna
Trog
Uskayaw
Vehumet
Wu Jian
Xom
Yredelemnul
Zin
The Shining One
Beogh
Jiyva
Lugonu


Message History

The fireball engulfs the storm dragon!!
The storm dragon is heavily wounded.
The fireball engulfs the storm dragon.
The storm dragon is lightly wounded.
The fireball engulfs the storm dragon!!
The storm dragon is moderately wounded.
The fireball engulfs the spriggan air mage!!!
The spriggan air mage is almost dead.
The fireball engulfs the wind drake!!
The wind drake is almost dead.
You are engulfed in raging winds.
You float gracefully downwards.
The storm dragon breathes lightning at you.
The bolt of lightning misses you. The wind drake flaps its wings at you.
The air twists around and strikes you!
* * * LOW HITPOINT WARNING * * *
Unknown command.
Unknown command.
Casting: Fireball (safe; 1% risk of failure)
Confirm with . or Enter, or press ? or * to list all spells.
Aiming: Fireball (safe; 1% risk of failure)
Press: ? - help, Shift-Dir - straight line, f - storm dragon, p - wind drake
Aim: a storm dragon (moderately wounded, catching its breath)
The fireball explodes!
The fireball engulfs the storm dragon!!
The storm dragon is heavily wounded.
The fireball engulfs the storm dragon!!
The storm dragon is severely wounded.
The fireball engulfs the storm dragon!!!
The storm dragon is heavily wounded.
The fireball engulfs the spriggan air mage!!!
You kill the spriggan air mage!
Vehumet accepts your kill.
You feel your power returning.
The fireball engulfs the wind drake!!
You kill the wind drake!
Vehumet accepts your kill.
You feel your power returning.
The fireball engulfs the storm dragon!
The storm dragon is lightly wounded.
The storm dragon breathes lightning at you.
The bolt of lightning hits you! You resist.
You die...

▓.▓....▓.▓.▓
▓...=[})|:..▓...©....▓..
▓......C....▓▓▓▓▓▓▓▓▓▓▓▓
▓...........▓...8©8...▓.
▓..i..kDk...▓..[.))...▓.
..kDD[... ▓...[)....▓.
▓.D...▓ ▓.........▓.
▓▓...▓▓ ▓.........▓.
▓..▓...@.▓..▓.........▓.
▓.....©.....▓.........▓.
▓▓▓▓▓▓▓▓▓▓▓▓▓.▓.....▓.▓.
▓....8©8....▓....©....▓.
▓..||)".....▓▓▓▓▓▓▓▓▓▓▓▓
▓...).))....▓...8©8...▓.
▓...........▓...).....▓.
▓...........▓...|))...▓.
▓...........▓..)(.....▓.


You could see a titan, 4 storm dragons, 3 wind drakes and a spriggan air mage
(repels missiles).

Vanquished Creatures
  A hydra (D)
  A spriggan air mage (D)
  2 centaur warriors (D)
  A death yak (D)
  A hell hog (D)
  2 spriggan berserkers (D)
  An ugly thing (D)
  3 cyclopes (D)
  A torpor snail (D)
  2 hellions (D)
  A tormentor (D)
  3 komodo dragons (D)
  2 yaktaurs (D)
  A red devil (D)
  3 wind drakes (D)
  A flying skull (D)
  A shadow (D)
  9 air elementals (D)
  2 wraiths (D)
  2 wyverns (D)
  A naga (shapeshifter) (D)
  3 hell hounds (D)
  A water moccasin (D)
  3 necrophages (D)
  A centaur (shapeshifter) (D)
  A centaur (D)
  3 phantoms (D)
  A scorpion (shapeshifter) (D)
  4 wights (D)
  4 quasits (D)
  An iron imp (D)
  2 orc priests (D)
  4 orc wizards (D)
  A white imp (D)
  2 ufetubi (D)
  An adder skeleton (D)
  An adder zombie (D)
  3 orcs (D)
  2 bat skeletons (D)
  A bat zombie (D)
  3 ball python skeletons (D)
  2 ball python zombies (D)
  A giant cockroach zombie (D)
  A jackal skeleton (D)
  4 quokka skeletons (D)
91 creatures vanquished.

Vanquished Creatures (others)
  11 foxfires (D)
11 creatures vanquished.

Grand Total: 102 creatures vanquished

Notes
Turn   | Place    | Note
-------+----------+-------------------------------------------
     0 | D        | mhtbhm the Deep Elf Fire Elementalist began the quest for
                  | the Orb.
     0 | D        | Reached XP level 1. HP: 10/10 MP: 6/6
     0 | D        | Found a shimmering blue altar of Sif Muna.
     0 | D        | Found a bloodstained altar of Trog.
     0 | D        | Found a sacrificial altar of Ru.
     0 | D        | Found a stormy altar of Qazlal.
     0 | D        | Found an iron altar of Okawaru.
     1 | D        | Found a sparkling altar of Nemelex Xobeh.
     1 | D        | Found a blossoming altar of Fedhas.
     2 | D        | Found the +6 Majin-Bo {vamp, MP+6 Int+6}
     2 | D        | Found the +9 heavy crossbow "Sniper" {vorpal, Acc+∞ SInv}
     2 | D        | Found the +10 dark maul {vorpal}
     2 | D        | Found the +15 Maxwell's patent armour {-Cast -Tele rElec
                  | Will+ rCorr}
     2 | D        | Found the +18 shield of the Gong {rElec rN+ Will+ EV-5}
     2 | D        | Found the +14 obsidian axe {vorpal, Drain Fly SInv}
     2 | D        | Found the +7 great mace "Firestarter" {inner flame, rF++}
     2 | D        | Found the +6 shillelagh "Devastator" {shatter}
     2 | D        | Found the +11 plutonium sword {Contam Stlth-}
     2 | D        | Found the +8 lance "Wyrmbane" {slay drac, rPois rF+ rC+
                  | AC+3}
     2 | D        | Found the +9 sword of Zonguldrok {reap}
     2 | D        | Found the +13 scythe of Curses {drain, Drain}
     2 | D        | Found the +5 sword of Power {vorpal}
     2 | D        | Found the +7 mace of Variability {chain chaos}
     2 | D        | Found the +7 Singing Sword {vorpal, sonic wave}
     2 | D        | Found the +8 storm bow {elec, penet}
     3 | D        | Found a transporter.
     3 | D        | Found an ancient bone altar of Kikubaaqudgha.
     3 | D        | Found a viscous altar of Jiyva.
     3 | D        | Found a corrupted altar of Lugonu.
     3 | D        | Found a hazy altar of Hepliaklqana.
     3 | D        | Found a burning altar of Makhleb.
     3 | D        | Found an opulent altar of Gozag.
    35 | D        | Became a worshipper of Vehumet
    59 | D        | Entered arena 2.
    59 | D        | Noticed a quasit
    59 | D        | Found a transporter.
    61 | D        | Killed a quasit
    62 | D        | Reached XP level 2. HP: 15/15 MP: 6/9
    62 | D        | Reached XP level 3. HP: 19/19 MP: 7/11
   111 | D        | Learned a level 3 spell: Conjure Flame
   115 | D        | Learned a level 3 spell: Inner Flame
   118 | D        | Entered arena 3.
   118 | D        | Found a transporter.
   119 | D        | Reached * piety under Vehumet
   119 | D        | Offered knowledge of Sandblast by Vehumet.
   122 | D        | Reached skill level 5 in Spellcasting
   122 | D        | Reached XP level 4. HP: 24/24 MP: 9/13
   124 | D        | Reached skill level 1 in Evocations
   175 | D        | Learned a level 4 spell: Sticky Flame
   176 | D        | Entered arena 4.
   176 | D        | Found a transporter.
   177 | D        | Reached ** piety under Vehumet
   179 | D        | Reached XP level 5. HP: 28/28 MP: 16/16
   180 | D        | Reached *** piety under Vehumet
   181 | D        | Reached skill level 5 in Dodging
   187 | D        | Got the ring "Etorhul" {rF+ Str+2}
   202 | D        | Learned a level 5 spell: Fireball
   202 | D        | Entered arena 5.
   202 | D        | Noticed a centaur
   202 | D        | Noticed a brown ugly thing
   202 | D        | Found a transporter.
   203 | D        | Noticed a naga
   203 | D        | a scorpion changed into a naga
   205 | D        | Killed a centaur
   206 | D        | Reached skill level 10 in Fire Magic
   206 | D        | Reached XP level 6. HP: 32/32 MP: 1/19
   207 | D        | Killed a naga
   207 | D        | Killed a brown ugly thing
   207 | D        | Reached **** piety under Vehumet
   208 | D        | Reached skill level 10 in Spellcasting
   208 | D        | Reached XP level 7. HP: 16/36 MP: 5/23
   375 | D        | Entered arena 6.
   375 | D        | Found a transporter.
   376 | D        | Offered knowledge of Poisonous Vapours by Vehumet.
   378 | D        | Reached XP level 8. HP: 41/41 MP: 19/25
   385 | D        | Got the Papyrus of Transmutation
   407 | D        | Entered arena 7.
   408 | D        | Identified the +5 robe of Ebranoig {rPois Str-2 Int+8
                  | Dex+3}
   408 | D        | Identified the ring of Conamn {rElec rC- Will+ Int+4 Dex+3
                  | SInv}
   408 | D        | Reached ***** piety under Vehumet
   409 | D        | Reached skill level 5 in Conjurations
   410 | D        | Found a transporter.
   539 | D        | Entered arena 8.
   540 | D        | Offered knowledge of Searing Ray by Vehumet.
   543 | D        | Reached skill level 5 in Evocations
   544 | D        | Found a transporter.
   557 | D        | Got the ring of Kuly {rC+ Will++ AC+4}
   615 | D        | Entered arena 9.
   616 | D        | Reached ****** piety under Vehumet
   620 | D        | Found a transporter.
   776 | D        | Entered arena 10.
   776 | D        | Noticed a centaur warrior
   776 | D        | Noticed a yaktaur
   776 | D        | Noticed a centaur warrior
   776 | D        | Noticed a cyclops
   776 | D        | Noticed a cyclops
   776 | D        | Noticed a cyclops
   776 | D        | Noticed a yaktaur
   777 | D        | Identified the +4 short sword "Xerr" {drain, Fly}
   777 | D        | Identified the +8 long sword of Laceration {freeze, Str+4
                  | SInv}
   777 | D        | Killed a yaktaur
   777 | D        | Offered knowledge of Olgreb's Toxic Radiance by Vehumet.
   778 | D        | Killed a cyclops
   778 | D        | Killed a cyclops
   779 | D        | Reached skill level 15 in Fire Magic
   779 | D        | Reached XP level 9. HP: 3/45 MP: 25/28
   780 | D        | Killed a yaktaur
   780 | D        | Killed a centaur warrior
   780 | D        | Killed a centaur warrior
   781 | D        | Reached skill level 1 in Shields
   781 | D        | Reached skill level 15 in Spellcasting
   781 | D        | Reached XP level 10. HP: 4/50 MP: 23/31
   783 | D        | Killed a cyclops
   784 | D        | Found a transporter.
  1067 | D        | Entered arena 11.
  1068 | D        | Offered knowledge of Stone Arrow by Vehumet.
  1069 | D        | Reached skill level 10 in Conjurations
  1108 | D        | Found a transporter.
  1114 | D        | Got the +0 pair of gloves of Patterns {+Blink rCorr SInv
                  | Stlth-}
  1127 | D        | Got the Compendium of the Escort
  1132 | D        | Entered arena 12.
  1134 | D        | Noticed a hell hog
  1140 | D        | Killed a hell hog
  1142 | D        | Found a transporter.
  1200 | D        | Entered arena 13.
  1200 | D        | Noticed a spriggan berserker
  1200 | D        | Noticed a spriggan berserker
  1200 | D        | Noticed a six-headed hydra
  1201 | D        | Noticed a death yak
  1201 | D        | Noticed a torpor snail
  1202 | D        | Noticed an elephant
  1203 | D        | Reached XP level 11. HP: 54/54 MP: 26/34
  1205 | D        | Killed a spriggan berserker
  1205 | D        | Killed a six-headed hydra
  1206 | D        | Noticed a death yak
  1206 | D        | Killed a spriggan berserker
  1210 | D        | Killed a death yak
  1218 | D        | Offered knowledge of Spellforged Servitor by Vehumet.
  1293 | D        | Found a transporter.
  1303 | D        | Got the ring "Mefol" {rC+ Dex+3}
  1305 | D        | Got the Volume of the Ghastly Voyage
  1327 | D        | Entered arena 14.
  1338 | D        | Found a transporter.
  1438 | D        | Entered arena 15.
  1446 | D        | Noticed a storm dragon
  1447 | D        | Offered knowledge of Starburst by Vehumet.
  1447 | D        | Noticed a storm dragon
  1447 | D        | Noticed a titan
  1448 | D        | Noticed a storm dragon
  1448 | D        | Noticed a storm dragon
  1448 | D        | Noticed a spriggan air mage
  1448 | D        | Identified the ring "Offyawk" {Contam rPois Int+6 Dex+6
                  | Slay+3}
  1448 | D        | Noticed a spriggan air mage
  1452 | D        | Killed a spriggan air mage
  1452 | D        | Killed from afar by a storm dragon

Illustrated notes

Levels and vault maps discovered:
D:        sprint_v [room_start, room_1, room_2, room_3, room_4, room_5, room_6,
          room_7, room_8, room_9, room_10, room_11, room_12, room_13, room_14,
          room_15, room_16, room_17, room_18, room_19, room_20, room_21,
          room_22, room_23, room_24, room_25, room_26, room_27]

Skill      XL: |  1  2  3  4  5  6  7  8  9 10 11 |
---------------+----------------------------------+-----
Dodging        | 3 4 6 7 8 9 |  9.7
Stealth        | 3 4 |  4.0
Spellcasting   | 4 5 6 8 10 11 13 15 17 18 | 18.9
Fire Magic     | 6 7 8 10 12 13 15 16 17 18 | 18.7
Evocations     | 1 2 4 6 7 8 9 |  9.6
Conjurations   | 2 3 4 8 9 11 13 | 13.3
Shields        | 1 2 |  2.8
Fighting       | |  0.9

Action                   |  1- 3 |  4- 6 |  7- 9 | 10-12 || total
-------------------------+-------+-------+-------+-------++-------
 Cast: Foxfire           |     2 |     4 |       |       ||     6
       Fireball          |       |     3 |    13 |    33 ||    49
       Sticky Flame      |       |       |       |     1 ||     1
Evoke: Wand              |     3 |     2 |     2 |     1 ||     8
       Lightning rod     |     1 |     2 |     1 |     7 ||    11
  Use: Scroll            |       |       |       |     2 ||     2
Armor: Robe              |     4 |     4 |       |     1 ||     9
Dodge: Dodged            |       |     1 |     4 |    12 ||    17
Block: Other             |       |       |     2 |     3 ||     5
       Reflection        |       |       |     2 |       ||     2

Table legend: (Time is in decaauts)
 A = Elapsed time spent in this place.
 B = Non-inter-level travel time spent in this place.
 C = Inter-level travel time spent in this place.
 D = Time resting spent in this place.
 E = Time spent auto-exploring this place.
 F = Levels seen in this place.
 G = Mean time per level.
                   A        B        C        D        E       F      G
               +--------+--------+--------+--------+--------+-----+--------+
         Total |   1455 |   1455 |      0 |    996 |      0 |   1 | 1455.0 |
       Dungeon |   1455 |   1455 |      0 |    996 |      0 |   1 | 1455.0 |
               +--------+--------+--------+--------+--------+-----+--------+

Top non-repeatable levels by time:
       D: 1455 daAuts
